 Dungeon Crawl Stone Soup version 0.23.2 (webtiles) character file.

Game seed: 9126092752451463624

99 lysyklops the Chopper (level 4, -5/40 HPs)
             Began as a Minotaur Fighter on Apr 12, 2019.
             Slain by Sigmund
             ... wielding a +0 scythe
              (9 damage)
             ... on level 3 of the Dungeon on Apr 13, 2019.
             The game lasted 00:02:45 (1744 turns).

lysyklops the Chopper (Minotaur Fighter)            Turns: 1744, Time: 00:02:45

Health: -5/40      AC:  7    Str: 22    XL:     4   Next: 45%
Magic:  3/3        EV:  7    Int:  5    God:
Gold:   101        SH:  9    Dex:  9    Spells: 3/3 levels left

rFire    . . .     SeeInvis .   a - +0 war axe
rCold    . . .     Gourm    .   c - +0 shield
rNeg     . . .     Faith    .   b - +0 scale mail
rPois    .         Spirit   .   (helmet restricted)
rElec    .         Reflect  .   (no cloak)
rCorr    .         Harm     .   (no gloves)
MR       .....                  (no boots)
Stlth    ..........             (no amulet)
HPRegen  0.13/turn              (no ring)
MPRegen  0.08/turn              (no ring)

@: no status effects
A: retaliatory headbutt, horns 2
a: no special abilities


You were on level 3 of the Dungeon.
You were hungry.

You visited 1 branch of the dungeon, and saw 3 of its levels.

You collected 101 gold pieces.

Inventory:

Hand Weapons
 a - a +0 war axe (weapon)
Armour
 b - a +0 scale mail (worn)
 c - a +0 shield (worn)
Jewellery
 n - an uncursed ring of wizardry {unknown}
 o - an uncursed ring of ice {unknown}
Wands
 i - a wand of enslavement (10)
Scrolls
 h - a scroll of magic mapping {unknown}
 j - a scroll of enchant armour {unknown}
 k - a scroll of noise {unknown}
 l - a scroll of identify {unknown}
 p - a scroll of remove curse {unknown}
Potions
 d - a potion of might
 e - a potion of lignification {unknown}
 g - a potion of haste {unknown}
 m - a potion of ambrosia {unknown}
Comestibles
 f - 7 rations


   Skills:
 + Level 4.2 Fighting
 + Level 4.3 Axes
 + Level 4.1 Armour
 + Level 4.2 Shields


You had 3 spell levels left.
You didn't know any spells.
Your spell library was empty.

Dungeon Overview and Level Annotations

Branches:
Dungeon (3/15)

Altars:
Kikubaaqudgha

Annotations:
D:3 Sigmund


Innate Abilities, Weirdness & Mutations

You reflexively headbutt those who attack you in melee.
You have a pair of horns on your head.


Message History

Your shield and scale mail prevent you from hitting the frilled lizard.
You barely miss something.
A bat comes into view.
Something hits you.
* * * LOW HITPOINT WARNING * * *
The adder barely misses you. The frilled lizard closely misses you.
The bat moves out of view.
The adder barely misses you. Something hits you.
* * * LOW HITPOINT WARNING * * *
The adder barely misses you.
The frilled lizard bites you but does no damage.
Something hits you!
* * * LOW HITPOINT WARNING * * *
You barely miss the frilled lizard. The frilled lizard closely misses you.
You slash the frilled lizard!
You kill the frilled lizard!
Something hits you but does no damage.
You barely miss the adder. The adder bites you but does no damage.
You block the adder's attack. Something hits you!
You die...

.# .# .#
##?# .
#..####..
###........
#..........
#S#..#####
#@#(.#
#.#..#
#.#..#
#.#..#
#.#..#
#.#...
#.##.#
#.##.#
#.##.#


You could see an adder.

Vanquished Creatures
  4 gnolls (D:2)
  2 adders (D:2)
  2 oozes
  A worm (D:3)
  2 leopard geckos
  3 bats
  2 giant cockroaches (D:3)
  3 hobgoblins (D:2)
  4 jackals (D:3)
  A kobold (D:1)
  2 frilled lizards
  2 goblins (D:2)
  5 rats
33 creatures vanquished.

Vanquished Creatures (others)
  A human (D:2)
1 creature vanquished.

Grand Total: 34 creatures vanquished

Notes
Turn   | Place    | Note
-------+----------+-------------------------------------------
     0 | D:1      | lysyklops the Minotaur Fighter began the quest for the Orb.
     0 | D:1      | Reached XP level 1. HP: 19/19 MP: 0/0
   392 | D:1      | Reached XP level 2. HP: 27/27 MP: 1/1
   648 | D:2      | Reached XP level 3. HP: 25/33 MP: 2/2
  1307 | D:2      | Reached XP level 4. HP: 11/40 MP: 3/3
  1626 | D:2      | Found an ancient bone altar of Kikubaaqudgha.
  1628 | D:2      | Noticed a human
  1629 | D:2      | Killed a human
  1728 | D:3      | Noticed Sigmund
  1744 | D:3      | Slain by Sigmund

Skill      XL: |  1  2  3 |
---------------+----------+-----
Fighting       | 4 |  4.2
Shields        | 4 |  4.2
Armour         | 4 |  4.1
Axes           | 4 |  4.3

Action                   |  1- 3 |  4- 6 || total
-------------------------+-------+-------++-------
Melee: War axe           |    61 |    28 ||    89
       Headbutt          |    12 |     1 ||    13
  Eat: Chunk             |     1 |     1 ||     2
Armor: Scale mail        |    21 |    14 ||    35
Dodge: Dodged            |    14 |    10 ||    24
Block: Shield            |    36 |    20 ||    56
